 Dungeon Crawl Stone Soup version 0.22-a0-99-g1ac4c55 (webtiles) character file.

55 4thArraOfDagon the Conjurer (level 3, -2/28 HPs)
             Began as a Deep Dwarf Conjurer on Jan 25, 2018.
             Was an Initiate of Makhleb.
             Slain by a gnoll
             ... wielding a +0 flail
              (6 damage)
             ... on level 4 of the Dungeon.
             The game lasted 00:06:15 (1115 turns).

4thArraOfDagon the Conjurer (Deep Dwarf Conjurer)   Turns: 1115, Time: 00:06:16

Health: -2/28      AC:  2    Str: 11    XL:     3   Next: 67%
Magic:  6/6        EV: 12    Int: 16    God:    Makhleb [......]
Gold:   81         SH:  0    Dex: 13    Spells: 5/6 levels left

rFire    . . .     SeeInvis .   l - +4 whip
rCold    . . .     Gourm    +   (no shield)
rNeg     . . .     Faith    .   a - +0 robe
rPois    .         Spirit   .   (no helmet)
rElec    .         Reflect  .   (no cloak)
rCorr    .         Harm     .   (no gloves)
MR       .....                  (no boots)
Stlth    ++........             k - amulet of the gourmand
HPRegen  0.00/turn              (no ring)
MPRegen  0.10/turn              (no ring)

@: non-regenerating
A: damage resistance, heal wounds, sense surroundings 1, no regeneration
a: Heal Wounds, Renounce Religion


You were on level 4 of the Dungeon.
You worshipped Makhleb.
Makhleb was noncommittal.
You were very full.

You visited 1 branch of the dungeon, and saw 4 of its levels.

You collected 81 gold pieces.

Inventory:

Hand Weapons
 d - a +0 whip
 l - a +4 whip (weapon)
Armour
 a - a +0 robe (worn)
Jewellery
 k - an amulet of the gourmand (around neck)
Scrolls
 e - a scroll of blinking
 f - a scroll of amnesia {unknown}
 g - a scroll of remove curse
 i - a scroll of teleportation {unknown}
 j - a scroll of identify
 n - a scroll of fear {unknown}
Potions
 h - a potion of curing
 m - a potion of heal wounds {unknown}
Books
 b - a book of Conjurations

   Spells                             Type                      Level
   a - Magic Dart                     Conjuration                  1
   b - Searing Ray                    Conjuration                  2
   c - Dazzling Spray                 Conjuration/Hexes            3
   d - Fulminant Prism                Conjuration/Hexes            4
   e - Force Lance                    Conjuration/Translocation    4
   f - Iskenderun's Mystic Blast      Conjuration                  4
Comestibles
 c - a ration


   Skills:
 - Level 2.1 Dodging
 - Level 2.4 Stealth
 + Level 2.4 Spellcasting
 * Level 4.5 Conjurations


You had 5 spell levels left.
You knew the following spells:

 Your Spells              Type           Power        Failure   Level  Hunger
a - Magic Dart            Conj           ###.         3%          1    #......


Dungeon Overview and Level Annotations

Branches:
Dungeon (4/15)
 Temple: D:4-7

Altars:
Cheibriados
Makhleb
Xom
Zin
The Shining One


Innate Abilities, Weirdness & Mutations

You are resistant to damage.
You can heal yourself by infusing magical energy.
You passively map a small area around you.
You do not regenerate.


Message History

The floor.
Unknown command.
Unknown command.
Unknown command.
Unknown command.
The gnoll misses you.
Unknown command.
The gnoll hits you with a flail!
* * * LOW HITPOINT WARNING * * *
Unknown command.
Unknown command.
Unknown command.
There is an open door here.
Unknown command.
Unknown command.
A gnoll comes into view. It is wielding a spear.
Unknown command.
There is a stone staircase leading up here.
You fail to use your ability.
The gnoll hits you with a flail!
You die...

*
..........#......g..#...
* ,
.........g####....#.#...
.................#+#...
, #....#g.###...........
, #.##.#...##...........
. #................### ,
, #.........###....#
,,#..g......# #.,
*+###@........ , ,
.......#.###.....
.......+.# .....*
.......### * ... .......
** ....... , ' , .......
, , ....... , ,, , , , ,


You could see 3 gnolls.

Vanquished Creatures
  2 adders
  A shadow imp (D:3)
  3 bats
  2 giant cockroaches (D:1)
  3 goblins (D:1)
  4 hobgoblins
  4 jackals
  4 kobolds
  A quokka (D:3)
  2 frilled lizards (D:1)
  A rat (D:2)
27 creatures vanquished.

Notes
Turn   | Place    | Note
-------+----------+-------------------------------------------
     0 | D:1      | 4thArraOfDagon the Deep Dwarf Conjurer began the quest for the Orb.
     0 | D:1      | Reached XP level 1. HP: 15/15 MP: 3/3
   112 | D:1      | Reached XP level 2. HP: 16/22 MP: 1/5
   146 | D:1      | Reached skill level 4 in Conjurations
   275 | D:3      | Found a glowing silver altar of Zin.
   278 | D:3      | Found a snail-covered altar of Cheibriados.
   583 | D:2      | Reached XP level 3. HP: 14/28 MP: 1/6
   653 | D:3      | Found a glowing golden altar of the Shining One.
   657 | D:3      | Found a burning altar of Makhleb.
   664 | D:3      | Became a worshipper of Makhleb the Destroyer
   672 | D:3      | Found a shimmering altar of Xom.
  1115 | D:4      | Slain by a gnoll

Vault maps used:
D:1:      minmay_arrival_five_plusses, serial_bayou_pond_c
D:2:      grunt_qazlal_sundering
D:3:      xom_teletrap_fun, bloody_makhleb,
          chequers_temple_overflow_statue_of_worship, tso_metal_star
D:4:      nicolae_overflow_hidden_temple, lemuel_crystal_altar,
          minmay_misc_feat_four_crosses, trog_book

Skill      XL: |  1  2 |
---------------+-------+-----
Spellcasting   | 2 |  2.4
Conjurations   | 4 |  4.5
Dodging        | |  2.1
Stealth        | |  2.4

Action                   || total
-------------------------++-------
Melee: Whip              ||    18
 Cast: Magic Dart        ||    66
  Use: Scroll            ||     3
       Potion            ||     1
  Eat: Chunk             ||    11
Armor: Robe              ||     6
Dodge: Dodged            ||    42

Table legend:
 A = Spawn XP
 B = Non-spawn XP
 C = Spawn XP percentage of total XP
 D = Spawn monster count
 E = Non-spawn monster count
 F = Spawn count percentage of total count
 G = Total turns spent on level
                    A         B        C        D         E        F      G
               +---------+---------+-------+---------+---------+-------+---------
         Total |       0 |      79 |   0.0 |       0 |      27 |   0.0 |  1115
               +---------+---------+-------+---------+---------+-------+---------
           D:1 |       0 |      20 |   0.0 |       0 |      11 |   0.0 |   236
           D:2 |       0 |      24 |   0.0 |       0 |       8 |   0.0 |   528
           D:3 |       0 |      22 |   0.0 |       0 |       7 |   0.0 |   242
           D:4 |       0 |      13 |   0.0 |       0 |       1 |   0.0 |   109
               +---------+---------+-------+---------+---------+-------+---------
